 Dungeon Crawl Stone Soup version 0.15.0-13-gb296d5c (webtiles) character file.

303 Peake the Insei (level 6, -2/33 HPs)
             Began as a Vine Stalker Monk on Sept 2, 2014.
             Killed by nerve-wracking pain
             ... invoked by Grinder
              (9 damage)
             ... in a sewer.
             The game lasted 00:13:53 (1968 turns).

Peake the Insei (Vine Stalker Monk)                 Turns: 1968, Time: 00:13:54

HP  -2/33        AC  3     Str 14      XL: 6   Next: 38%
MP   0/8         EV 15     Int 10      God:
Gold 144         SH  0     Dex 18      Spells:  0 memorised,  5 levels left

rFire  . . .     SeeInvis .       - Unarmed
rCold  . . .     Clarity  .     a - +0 robe
rNeg   . . .     rCorr    .     (no shield)
rPois  .         rRot     +     h - +0 helmet
rElec  .         Spirit   +     (no cloak)
SustAb .         Warding  .     (no gloves)
rMut   .         Rnd*Tele +     (no boots)
Gourm  .                        (no amulet)
MR     .....                    (no ring)
                                o - cursed ring of teleportation

@: not resistant to hostile enchantments, unstealthy
A: fangs 2, regeneration 2, magic shield, antimagic bite, no device heal 3, rot
immunity
a: Evoke Teleportation


You were in a sewer.
You were not hungry.

You visited 1 branch of the dungeon, and saw 3 of its levels.
You also visited: Sewer.

You collected 144 gold pieces.

Inventory:

Armour
 a - a +0 robe (worn)
 h - a +0 helmet (worn)
Comestibles
 b - a bread ration
 f - 4 meat rations
 n - a royal jelly
 q - a chunk of giant cockroach flesh
Scrolls
 d - a scroll of noise {unknown}
 e - a scroll of enchant armour {unknown}
 g - a scroll of enchant weapon
 k - a scroll of remove curse {unknown}
 l - a scroll of teleportation {unknown}
 p - 2 scrolls of random uselessness {unknown}
 s - 2 scrolls of identify {unknown}
 u - a scroll of magic mapping {unknown}
Jewellery
 o - a cursed ring of teleportation (left hand)
 x - an uncursed ring of see invisible {unknown}
Potions
 c - a potion of might {unknown}
 i - a potion of haste {unknown}
 j - 2 potions of cure mutation {unknown}
 m - a potion of cancellation {unknown}
 t - a potion of degeneration {unknown}
 w - 3 potions of curing {unknown}
 z - a potion of heal wounds {unknown}


   Skills:
 + Level 3.7 Fighting
 + Level 4.2 Dodging
 - Level 2.4 Stealth
 + Level 5.4 Unarmed Combat


You had 5 spell levels left.
You didn't know any spells.

Dungeon Overview and Level Annotations

Branches:
Dungeon (3/15)

Altars:
Nemelex Xobeh

Annotations:
Sewer Grinder


Innate Abilities, Weirdness & Mutations

You have extremely sharp teeth.
You heal very quickly.
When hurt, damage is shared between your health and your magic reserves.
Your bite disrupts and absorbs the magic of your enemies.
Potions and wands cannot restore your health.
You are immune to rotting.


Message History

The apprentice kobold demonologist hits you with a glowing dagger.
* * * LOW HITPOINT WARNING * * *
Grinder misses you.
You closely miss the apprentice kobold demonologist.
The apprentice kobold demonologist is moderately wounded.
The apprentice kobold demonologist hits you with a glowing dagger.
Grinder gestures at you. You resist.
You hit the apprentice kobold demonologist but do no damage.
Your bite misses the apprentice kobold demonologist.
The apprentice kobold demonologist is moderately wounded.
The apprentice kobold demonologist casts a spell.
Grinder zaps a wand.
The puff of flame misses you.
You barely miss the apprentice kobold demonologist.
The apprentice kobold demonologist is moderately wounded.
The apprentice kobold demonologist hits you with a glowing dagger.
* * * LOW HITPOINT WARNING * * *
Grinder gestures at you. Pain shoots through your body!
You die...

# #...#≈≈≈≈≈≈≈≈ ≈ #!?!
##.############ ##...
#≈..'.≈≈≈≈≈≈≈≈≈ #....
#≈≈.#.≈≈≈≈≈≈≈≈≈ #.≈≈≈
#≈≈)#.≈≈≈≈≈≈≈≈≈ #....
#≈))#.≈≈≈≈≈≈≈≈≈ #''S#
#≈≈.#..≈≈≈≈≈≈≈≈ ####
##.KK###≈≈(#...≈≈≈≈≈≈≈
###...##.5§5@###.####.#≈###≈≈
#Z§.≈.'.§.5...#(.≈#≈≈.≈...)..
∩!K..≈.'..._.§.)).≈≈≈≈≈.≈≈≈≈≈≈
#5.5≈.'.§.....#...#≈≈.≈......
###§§.##..§..###.####.###≈##≈
# ##..%###≈≈.#...≈≈≈≈≈≈≈
##''(###≈..#...≈≈≈≈≈≈≈
#.....##≈≈.#.≈≈≈≈≈≈≈≈≈
#.≈≈≈.##≈≈.#.≈≈≈≈≈≈≈≈≈


You could see Grinder, an apprentice kobold demonologist, a crimson imp, an
adder, an ufetubus and a kobold.

Vanquished Creatures
  2 big kobolds (Sewer)
  A big kobold zombie (Sewer)
  4 adders
  3 shadow imps (Sewer)
  A worm (D:2)
  2 ufetubi (Sewer)
  4 giant geckos (D:3)
  2 oozes (Sewer)
  An orc (D:3)
  5 giant cockroaches
  6 hobgoblins
  10 bats
  3 giant newts
  2 goblins (D:2)
  3 jackals (D:1)
  20 kobolds
  3 kobold zombies (Sewer)
  3 rats
75 creatures vanquished.

Vanquished Creatures (others)
  A big kobold zombie (Sewer)
1 creature vanquished.

Grand Total: 76 creatures vanquished

Notes
Turn   | Place    | Note
--------------------------------------------------------------
     0 | D:1      | Peake, the Vine Stalker Monk, began the quest for the Orb.
     0 | D:1      | Reached XP level 1. HP: 11/11 MP: 1/1
   136 | D:1      | Reached XP level 2. HP: 14/16 MP: 3/3
   641 | D:2      | Reached XP level 3. HP: 12/20 MP: 2/4
  1144 | D:2      | Found a sparkling altar of Nemelex Xobeh.
  1150 | D:2      | Reached XP level 4. HP: 21/24 MP: 5/5
  1483 | D:3      | Found a glowing drain.
  1487 | Sewer    | Entered a sewer
  1673 | Sewer    | Reached skill level 5 in Unarmed Combat
  1673 | Sewer    | Reached XP level 5. HP: 28/28 MP: 7/7
  1729 | Sewer    | Found a burning altar of Makhleb.
  1729 | Sewer    | Noticed a big kobold
  1755 | Sewer    | Killed a big kobold
  1806 | Sewer    | Noticed a big kobold
  1818 | Sewer    | Gained mutation: You heal very quickly. [vine stalker growth]
  1818 | Sewer    | Reached XP level 6. HP: 22/32 MP: 8/8
  1832 | Sewer    | Killed a big kobold
  1865 | Sewer    | Noticed an apprentice kobold demonologist
  1956 | Sewer    | Noticed Grinder
  1968 | Sewer    | Killed from afar by Grinder

Action                   |  1- 3 |  4- 6 || total
-------------------------+-------+-------++-------
Melee: Unarmed           |    93 |   177 ||   270
  Use: Scroll            |       |     1 ||     1
 Stab: Sleeping          |     1 |     3 ||     4
       Distracted        |     1 |       ||     1
  Eat: Chunk             |     1 |     3 ||     4
